 Dungeon Sprint DCSS version 0.30-a0-4-ga7cffc901d (webtiles) character file.

Game seed: 6228702601262165592

21612 mhtbhm the Ninja (level 12, -3/65 HPs)
             Began as a Spriggan Brigand on Aug 21, 2022.
             Was the Champion of Dithmenos.
             Slain by a seven-headed hydra simulacrum (8 damage)
             ... in the Dungeon (Sprint III: "The Ten Rune Challenge").
             The game lasted 00:10:33 (2549 turns).

mhtbhm the Ninja (Spriggan Brigand)                 Turns: 2549, Time: 00:10:34

Health: -3/65      AC:  3    Str: 16    XL:     12   Next: 55%
Magic:  22/23      EV: 31    Int: 17    God:    Dithmenos [******]
Gold:   428        SH:  0    Dex: 21    Spells: 9/11 levels left

rFire   . . .      SeeInvis +    a - +2 dagger (pain)
rCold   + + .      Faith    +    (no shield)
rNeg    . . .      Spirit   .    b - +0 robe
rPois   +          Reflect  .    (helmet restricted)
rElec   .          Harm     .    c - +0 cloak
rCorr   .          Rampage  .    (gloves unavailable)
Will    +++++      Rage     3%   (boots unavailable) Stlth #********* NoTele +
                                 n - amulet of Nuparuh {Faith rPois rC+ Will+++ Slay-3}
HPRegen 0.20/turn                q - ring "Piunoleose" {rC+ Str+6 Dex+3 Stlth+}
MPRegen 0.18/turn                (no ring)

@: wreathed by umbra, very quick
A: very small, no large weapons, unfitting armour, see invisible, speed 3,
berserk 1, clever 1, strong 1
a: Renounce Religion, Shadow Step, Shadow Form


You were in the Dungeon.
You worshipped Dithmenos.
Dithmenos was exalted by your worship.
You visited 1 branch You collected 2816 gold pieces.
You spent 2388 gold pieces at shops.

Inventory:

Hand Weapons
 a - a +2 dagger of pain (weapon)
Missiles
 d - 9 poisoned darts (quivered)
 e - 9 curare-tipped darts
 j - 5 atropa-tipped darts
 m - 2 boomerangs
 t - 5 datura-tipped darts
Armour
 b - a +0 robe (worn)
 c - a +0 cloak (worn)
Jewellery
 n - the amulet of Nuparuh (around neck) {Faith rPois rC+ Will+++ Slay-3}
   (You bought it in a shop in the Dungeon)

   [amulet of faith]

   It allows you to gain divine favour quickly.
   Slay:      It affects your accuracy & damage with ranged weapons and melee
   (-3).
   rC:        It protects you from cold.
   rPois:     It protects you from poison.
   Will:      It greatly increases your willpower.
 q - the ring "Piunoleose" (left hand) {rC+ Str+6 Dex+3 Stlth+}
   (You bought it in a shop in the Dungeon)

   [ring of strength]

   Str:       It affects your strength (+6).
   Dex:       It affects your dexterity (+3).
   rC:        It protects you from cold.
   Stlth:     It makes you more stealthy.
Scrolls
 k - 3 scrolls of blinking
 o - a scroll of poison
Potions
 f - a potion of curing
 g - 3 potions of heal wounds
 h - 2 potions of haste
 i - 2 potions of magic
 l - 2 potions of mutation
 p - 2 potions of flight
 r - a potion of might
Miscellaneous
 s - a box of beasts


   Skills:
 + Level 8.5 Fighting
 + Level 12.0 Short Blades
 + Level 9.0 Throwing
 + Level 14.8 Dodging
 O Level 27 Stealth
 * Level 13.3 Invocations
 + Level 5.7 Evocations


You had 9 spell levels left.
You knew the following spells:

 Your Spells              Type           Power      Damage    Failure   Level
a - Wereblood             Tmut           0%         N/A       34%         2

Your spell library contained the following spells:

 Spells                   Type           Power      Damage    Failure   Level
 Beastly Appendage        Tmut           0%         N/A       24%         1
 Sublimation of Blood     Necr           0%         N/A       34%         2
 Spider Form              Tmut/Pois      0%         N/A       56%         3
 Summon Hydra             Summ           0%         N/A       100%        7


Dungeon Overview and Level Annotations

Branches:
Dungeon (1/1)

Altars:
Cheibriados
Dithmenos
Elyvilon
Fedhas
Gozag
Hepliaklqana
Kikubaaqudgha
Makhleb
Nemelex Xobeh
Okawaru
Qazlal
Ru
Sif Muna
Trog
Uskayaw
Vehumet
Wu Jian
Xom
Yredelemnul
Zin
The Shining One
Jiyva
Lugonu

Shops:
D =!?!!*:=:[!(

Annotations:
D exclusion: orange crystal statue


Innate Abilities, Weirdness & Mutations

You are very small and have problems with some larger weapons.
You are too small for most types of armour.
You have supernaturally acute eyesight. (SInv)
You cover ground extremely quickly. (Speed+++)
You sometimes lose your temper in combat.
Your mind is acute. (Int +4, Str/Dex -1)
Your muscles are strong. (Str +4, Int/Dex -1)


Message History

You're standing in a cloud of freezing vapour!
Really walk into that cloud of freezing vapour? [Y]es or [N]o only, please.
Really walk into that cloud of freezing vapour?
You are engulfed in freezing vapours.
You resist.
You see here 4 stones.
You are engulfed in freezing vapours.
You resist.
You open the door.
A wolf simulacrum, a seven-headed hydra simulacrum, a fire dragon simulacrum and a five-headed hydra simulacrum come into view.
You are engulfed in freezing vapours.
You resist.
Found four items.
Unknown command.
Really walk into that cloud of freezing vapour?
You are engulfed in freezing vapours.
You resist.
There is an open door here.
The helpless five-headed hydra simulacrum fails to defend itself.
You spit the five-headed hydra simulacrum like a pig!!!!!
The five-headed hydra simulacrum vaporises!
Dithmenos accepts your kill.
You are engulfed in freezing vapours.
You resist.
The helpless fire dragon simulacrum fails to defend itself.
You spit the fire dragon simulacrum like a pig!!!!!
The fire dragon simulacrum vaporises!
Dithmenos accepts your kill.
You are engulfed in freezing vapours.
You resist.
Your Short Blades skill increases to level 12!
You are engulfed in freezing vapours.
You resist.
Items here: $$ ) ? [[.
You close the door.
You are engulfed in freezing vapours.
You resist.
The seven-headed hydra simulacrum completely misses you. x2
The seven-headed hydra simulacrum bites you.
The seven-headed hydra simulacrum freezes you.
You resist.
* * * LOW HITPOINT WARNING * * *
The seven-headed hydra simulacrum misses you.
The seven-headed hydra simulacrum bites you!
* * * LOW HITPOINT WARNING * * *
The seven-headed hydra simulacrum freezes you!
You resist.
You die...

...#.#.§§#...#)).##.#.#.##...~~~~
▓▓▓▓▓▓▓▓▓▓▓▓▓▓▓▓▓#.#.#.#.#.......
~~~........~~~...##.#.#.##.......
♣≈≈≈≈≈≈≈≈≈≈≈≈♣♣..'.#.#.#.#.......
♣♣♣♣♣♣♣♣♣♣♣♣♣♣♣..##.#.#.#########
♣ ♣♣♣##'#######
♣♣♣♣♣♣♣♣♣♣♣♣♣♣♣♣♣#...'.≈≈≈§#
##..##~~~~~≈.†#ZZ#...#.≈§≈≈#
#†##.#~~~~≈...#○@#).)#.#≈≈≈#
†##.##'~~§§§####+#####.# ≈≈§
.##...#~~§.§§○☼○○#.P.P.# ≈§
#.##.)#≈..'#######.)...# ≈≈
#.#####...#....†)#..)..# ≈≈
..##†.....#♣♣♣._.#...).# ≈
####+####### #####'#####
▓........ #.....+ ▓≈≈P.....
#.#####


You could see a wolf simulacrum (dormant) and a seven-headed hydra simulacrum.

Vanquished Creatures
  Frances (D)
  Donald (D)
  Josephine (D)
  2 hydras (D)
  A centaur warrior (D)
  Urug (D)
  A spriggan druid (D)
  A death drake (D)
  A deep elf pyromancer (D)
  A lindwurm (D)
  An orc sorcerer (D)
  2 cane toads (D)
  A komodo dragon (D)
  A rime drake (D)
  An unseen horror (D)
  A queen bee (D)
  3 wandering mushrooms (D)
  2 tyrant leeches (D)
  A shadow (D)
  2 spriggans (D)
  3 redbacks (D)
  A spatial vortex (D)
  A hydra simulacrum (D)
  A swamp drake (D)
  A fire dragon simulacrum (D)
  2 centaurs (D)
  An earth elemental (D)
  A necrophage (D)
  A water elemental (D)
  31 killer bees (D)
  An electric eel (D)
  A jelly (D)
  3 orc priests (D)
  A wizard (D)
  A necromancer (D)
  An orc wizard (D)
  3 humans (D)
  A kobold demonologist (D)
  A phantom (D)
  13 orcs (D)
  An endoplasm (D)
  3 rats (D)
99 creatures vanquished.

Vanquished Creatures (collateral kills)
  2 orc high priests (D)
  A killer bee (D)
  An orc priest (D)
4 creatures vanquished.

Vanquished Creatures (others)
  An orc priest (D)
  8 plants (D)
9 creatures vanquished.

Grand Total: 112 creatures vanquished

Notes
Turn   | Place    | Note
-------+----------+-------------------------------------------
     0 | D        | mhtbhm the Spriggan Brigand began the quest for the Orb.
     0 | D        | Reached XP level 1. HP: 10/10 MP: 2/2
     8 | D        | Reached skill level 6 in Stealth
    40 | D        | Reached skill level 9 in Stealth
    40 | D        | Reached XP level 2. HP: 15/15 MP: 3/3
   196 | D        | Gained mutation: You have hidden genetic potential. [potion
                  | of mutation]
   213 | D        | Noticed a water elemental
   215 | D        | Killed a water elemental
   216 | D        | Reached skill level 11 in Stealth
   216 | D        | Reached XP level 3. HP: 19/19 MP: 4/4
   216 | D        | Reached XP level 4. HP: 23/23 MP: 5/5
   227 | D        | Found a shadowy altar of Dithmenos.
   227 | D        | Noticed a necrophage
   227 | D        | Gained mutation: You are partially covered in large bone
                  | plates. (SH +4) [hidden potential]
   228 | D        | Found a basalt altar of Yredelemnul.
   228 | D        | Found a sacrificial altar of Ru.
   230 | D        | Reached skill level 12 in Stealth
   232 | D        | Became a worshipper of Dithmenos the Shadowed
   239 | D        | Killed a necrophage
   240 | D        | Reached skill level 5 in Short Blades
   240 | D        | Reached skill level 13 in Stealth
   240 | D        | Reached XP level 5. HP: 28/28 MP: 5/7
   249 | D        | Gained mutation: Your movements are slightly less
                  | encumbered by armour. (ER -2) [hidden potential]
   249 | D        | Lost mutation: You have hidden genetic potential. [hidden
                  | potential expressed]
   291 | D        | Lost mutation: Your movements are slightly less encumbered
                  | by armour. (ER -2) [potion of mutation]
   291 | D        | Lost mutation: You are partially covered in large bone
                  | plates. (SH +4) [potion of mutation]
   291 | D        | Gained mutation: You expend magic power (3 MP) to
                  | strengthen your wands. [potion of mutation]
   291 | D        | Gained mutation: You are frail. (-10% HP) [potion of
                  | mutation]
   292 | D        | Lost mutation: You expend magic power (3 MP) to strengthen
                  | your wands. [potion of mutation]
   292 | D        | Lost mutation: You are frail. (-10% HP) [potion of
                  | mutation]
   292 | D        | Gained mutation: You sometimes lose your temper in combat.
                  | [potion of mutation]
   292 | D        | Gained mutation: Your muscles are strong. (Str +4, Int/Dex
                  | -1) [potion of mutation]
   292 | D        | Gained mutation: Your mind is acute. (Int +4, Str/Dex -1)
                  | [potion of mutation]
   293 | D        | Found a glowing silver altar of Zin.
   294 | D        | Found a glowing golden altar of the Shining One.
   294 | D        | Found a white marble altar of Elyvilon.
   294 | D        | Noticed a deep elf pyromancer
   296 | D        | Killed a deep elf pyromancer
   297 | D        | Reached skill level 5 in Throwing
   297 | D        | Reached skill level 17 in Stealth
   297 | D        | Reached skill level 5 in Invocations
   297 | D        | Reached XP level 6. HP: 30/33 MP: 7/11
   297 | D        | Reached XP level 7. HP: 33/37 MP: 7/12
   331 | D        | Found a radiant altar of Vehumet.
   332 | D        | Found a shimmering blue altar of Sif Muna.
   332 | D        | Found an ancient bone altar of Kikubaaqudgha.
   333 | D        | Reached * piety under Dithmenos
   354 | D        | Found a hide-covered altar of Uskayaw.
   354 | D        | Found an iron altar of Okawaru.
   355 | D        | Found a bloodstained altar of Trog.
   355 | D        | Found an ornate altar of the Wu Jian Council.
   355 | D        | Noticed a human
   355 | D        | Noticed a human
   357 | D        | Killed a human
   358 | D        | Reached skill level 18 in Stealth
   358 | D        | Killed a human
   358 | D        | Reached ** piety under Dithmenos
   359 | D        | Reached skill level 19 in Stealth
   373 | D        | Learned a level 2 spell: Wereblood
   378 | D        | Noticed a shadow
   380 | D        | Killed a shadow
   381 | D        | Reached XP level 8. HP: 42/42 MP: 13/13
   386 | D        | Found a blossoming altar of Fedhas.
   386 | D        | Found a stormy altar of Qazlal.
   387 | D        | Found a snail-covered altar of Cheibriados.
   387 | D        | Found a burning altar of Makhleb.
   387 | D        | Found a hazy altar of Hepliaklqana.
   387 | D        | Found a shimmering altar of Xom.
   387 | D        | Found an opulent altar of Gozag.
   387 | D        | Found a sparkling altar of Nemelex Xobeh.
   387 | D        | Found a corrupted altar of Lugonu.
   387 | D        | Found a viscous altar of Jiyva.
   390 | D        | Reached skill level 20 in Stealth
   405 | D        | Noticed Josephine
   408 | D        | Killed Josephine
   408 | D        | Reached *** piety under Dithmenos
   409 | D        | Reached skill level 5 in Dodging
   409 | D        | Reached skill level 21 in Stealth
   424 | D        | Noticed a centaur warrior
   427 | D        | Reached skill level 22 in Stealth
   427 | D        | Reached XP level 9. HP: 46/46 MP: 14/16
   428 | D        | Killed a centaur warrior
   428 | D        | Reached **** piety under Dithmenos
   429 | D        | Reached skill level 23 in Stealth
   443 | D        | Noticed an unseen horror
   444 | D        | Killed an unseen horror
   455 | D        | Noticed a wandering mushroom
   459 | D        | Noticed a wandering mushroom
   461 | D        | Noticed a wandering mushroom
   462 | D        | Killed a wandering mushroom
   463 | D        | Reached skill level 24 in Stealth
   584 | D        | Reached skill level 5 in Fighting
   687 | D        | Killed a wandering mushroom
   687 | D        | Reached ***** piety under Dithmenos
   744 | D        | Found Xunorig's Jewellery Shop.
   744 | D        | Noticed an orc sorcerer
   747 | D        | Reached ****** piety under Dithmenos
   747 | D        | Killed an orc sorcerer
   748 | D        | Reached skill level 25 in Stealth
   748 | D        | Reached XP level 10. HP: 51/51 MP: 18/18
   897 | D        | Bought the amulet of Nuparuh {Faith rPois rC+ Will+++
                  | Slay-3} for 883 gold pieces
  1002 | D        | Reached skill level 10 in Invocations
  1232 | D        | Reached skill level 10 in Short Blades
  1275 | D        | Reached skill level 26 in Stealth
  1290 | D        | Reached skill level 1 in Evocations
  2021 | D        | Noticed Donald
  2021 | D        | Noticed Frances
  2023 | D        | Killed Frances
  2024 | D        | Killed Donald
  2025 | D        | Reached XP level 11. HP: 53/58 MP: 14/20
  2070 | D        | Reached skill level 10 in Dodging
  2270 | D        | Noticed an orange crystal statue
  2281 | D        | Found Faseolui's Assorted Antiques.
  2281 | D        | Found Pavaun's Jewellery Shop.
  2281 | D        | Found Wesch's Antique Weapon Shoppe.
  2281 | D        | Found Ropsoa's Distillery.
  2281 | D        | Found Xoat's Book Emporium.
  2281 | D        | Found Cafomo Coom's Distillery.
  2281 | D        | Found Hozxeu's Antique Armour Emporium.
  2281 | D        | Found Konyfox's Book Boutique.
  2282 | D        | Found Xiduw's Distillery.
  2282 | D        | Found Zatezet's Magic Scroll Shop.
  2282 | D        | Found Lifiow's Distillery.
  2318 | D        | Bought a scroll of blinking for 82 gold pieces
  2318 | D        | Bought a scroll of blinking for 82 gold pieces
  2322 | D        | Bought a potion of experience for 550 gold pieces
  2324 | D        | Bought a potion of heal wounds for 50 gold pieces
  2324 | D        | Bought a potion of haste for 100 gold pieces
  2324 | D        | Bought a potion of heal wounds for 50 gold pieces
  2326 | D        | Bought the ring "Piunoleose" {rC+ Str+6 Dex+3 Stlth+} for
                  | 591 gold pieces
  2327 | D        | Reached skill level 27 in Stealth
  2327 | D        | Reached XP level 12. HP: 62/62 MP: 21/21
  2429 | D        | Reached skill level 5 in Evocations
  2447 | D        | Noticed Urug
  2449 | D        | Killed Urug
  2453 | D        | Noticed a seven-headed hydra
  2453 | D        | Noticed a four-headed hydra
  2458 | D        | Killed a four-headed hydra
  2459 | D        | Killed a seven-headed hydra
  2487 | D        | Noticed a kraken
  2498 | D        | Found a blossoming altar of Fedhas.
  2549 | D        | Slain by a seven-headed hydra simulacrum

Illustrated notes

Levels and vault maps discovered:
D:        dungeon_sprint_mu [sprint_mu_entry_forest, sprint_mu_temple_rooms,
          sprint_mu_d1_horrors, sprint_mu_d2_genie, sprint_mu_d3_branching,
          sprint_mu_orc_legion, sprint_mu_elf_gauntlet, sprint_mu_hive_nellie,
          sprint_mu_lair_fedhas, sprint_mu_vaults_butterflies,
          sprint_mu_slime_circle, sprint_mu_swamp_cave, sprint_mu_shoals_kraken,
          sprint_mu_blade_basic, sprint_mu_crypt_lich, sprint_mu_tomb_spiral,
          sprint_mu_vestibule_basic, sprint_mu_gehenna_hellfire,
          sprint_mu_dis_giant, sprint_mu_tartarus_statrot,
          sprint_mu_cocytus_islands, sprint_mu_zot1]

Skill      XL: |  1  2  3  4  5  6  7  8  9 10 11 12 |
---------------+-------------------------------------+-----
Stealth        | 9 11 13 17 19 22 25 26 27 | 27.0
Fighting       | 2 3 4 5 6 8 |  8.5
Short Blades   | 3 4 5 6 7 8 9 10 12 | 12.0
Throwing       | 3 4 5 6 7 8 9 |  9.0
Dodging        | 2 4 5 9 10 14 | 14.8
Invocations    | 2 5 6 8 9 11 13 | 13.3
Evocations     | 2 4 5 |  5.7

Action                   |  1- 3 |  4- 6 |  7- 9 | 10-12 || total
-------------------------+-------+-------+-------+-------++-------
Melee: Dagger            |    30 |     8 |    27 |   286 ||   351
       Punch             |       |       |       |     4 ||     4
Throw: Dart              |     7 |       |       |     4 ||    11
Invok: Shadow Step       |       |       |       |     4 ||     4
Evoke: Wand              |       |       |     1 |     3 ||     4
       Box of beasts     |       |       |       |     3 ||     3
  Use: Potion            |     1 |     3 |       |     5 ||     9
       Scroll            |       |       |     3 |       ||     3
 Stab: Sleeping          |     4 |     2 |    14 |    24 ||    44
       Distracted        |       |       |     1 |     3 ||     4
       Invisible         |       |       |       |     1 ||     1
Armor: Robe              |     1 |       |       |     5 ||     6
Dodge: Dodged            |    16 |     6 |     7 |   224 ||   253

Table legend: (Time is in decaauts)
 A = Elapsed time spent in this place.
 B = Non-inter-level travel time spent in this place.
 C = Inter-level travel time spent in this place.
 D = Time resting spent in this place.
 E = Time spent auto-exploring this place.
 F = Levels seen in this place.
 G = Mean time per level.
                   A        B        C        D        E       F      G
               +--------+--------+--------+--------+--------+-----+--------+
         Total |   2197 |   2197 |      0 |   1382 |     19 |   1 | 2197.0 |
       Dungeon |   2197 |   2197 |      0 |   1382 |     19 |   1 | 2197.0 |
               +--------+--------+--------+--------+--------+-----+--------+

Top non-repeatable levels by time:
       D: 2197 daAuts
